 Dungeon Crawl Stone Soup version 0.30-a0-570-g486de37d69 (webtiles) character file.

Game seed: 6075066680896104055

4297 kae the Changer (level 10, -4/72 (82) HPs)
             Began as a Demonspawn Transmuter on Dec 29, 2022.
             Was a Follower of Ru.
             Slain by a wight
             ... wielding a +0 halberd
              (5 damage)
             ... on level 10 of the Dungeon.
             The game lasted 00:09:14 (10256 turns).

kae the Changer (Demonspawn Transmuter)            Turns: 10256, Time: 00:09:14

HP:   -4/72 (82)    AC:  8    Str: 12    XL:     10   Next: 11%
MP:   17/18         EV: 14    Int: 17    God:    Ru [*.....]
Gold: 477           SH:  0    Dex: 20    Spells: 10/20 levels left

rFire   x . .      SeeInvis +      - Unarmed
rCold   + + +      Faith    .    (shield currently unavailable)
rNeg    . . .      Spirit   .    (body armour currently unavailable)
rPois   +          Reflect  .    (helmet currently unavailable)
rElec   .          Harm     .    (cloak currently unavailable)
rCorr   .          Rampage  .    (gloves currently unavailable)
Will    .....                    (boots currently unavailable)
Stlth   ++                       (no amulet)
HPRegen 0.32/turn                D - +6 ring of dexterity
MPRegen 0.16/turn                v - ring of see invisible

@: ice-form, attractive, heavily drained, unable to read
A: freezing attack, amphibious, boosted hp, large, repulsion field 2, (spiny 1),
inability to read after injury 2
a: End Transformation, Renounce Religion


You were on level 10 of the Dungeon.
You worshipped Ru.
Ru was aware of your devotion.
You were a creature of crystalline ice.
You visited 2 branches of the dungeon, and saw 11 of its levels.

You collected 477 gold pieces.


Innate Abilities, Weirdness & Mutations

You are a creature of crystalline ice.
You have a powerful freezing melee attack.
You are amphibious.
Your maximum health is increased.
Your armour is entirely melded.
You are incapable of wielding weapons or throwing items.
You are surrounded by a moderate repulsion field. (EV +3)
((You are partially covered in sharp spines.))
You sometimes lose the ability to read scrolls when taking damage.


   Skills:
 + Level 2.9 Fighting
 + Level 3.2 Dodging
 * Level 6.6 Unarmed Combat
 + Level 5.6 Spellcasting
 * Level 7.9 Transmutations
 * Level 6.2 Ice Magic
 - Level 1.5 Poison Magic


You had 10 spell levels left.
You knew the following spells:

 Your Spells              Type           Power      Damage    Failure   Level
a - Beastly Appendage     Tmut           62%        N/A       1%          1
b - Wereblood             Tmut           31%        N/A       1%          2
c - Spider Form           Tmut/Pois      20%        N/A       6%          3
d - Ice Form              Ice/Tmut       28%        N/A       8%          4

Your spell library contained the following spells:

 Spells                   Type           Power      Damage    Failure   Level
 Sting                    Tmut/Pois      80%        1d7       1%          1
 Magic Dart               Conj           16%        1d3       14%         1
 Slow                     Hex            16%        N/A       14%         1
 Poisonous Vapours        Pois/Air       14%        N/A       16%         2
 Call Imp                 Summ           4%         N/A       21%         2
 Mephitic Cloud           Conj/Pois/Air  6%         N/A       32%         3
 Confusing Touch          Hex            4%         N/A       38%         3
 Vampiric Draining        Necr           4%         2d6       38%         3
 Olgreb's Toxic Radiance  Pois           9%         N/A       58%         4
 Iskenderun's Battlesphe  Conj           4%         2d6       98%         5
 Iron Shot                Conj/Erth      2%         9d2       100%        6
 Spellforged Servitor     Conj/Summ      2%         N/A       100%        7

Inventory:

Missiles
 c - 2 curare-tipped darts {=f}
 e - 111 stones
 h - 2 datura-tipped darts
 p - 2 boomerangs
 t - 21 poisoned darts
 F - a throwing net {=f!f}
Armour
 a - a +1 robe (melded)
 I - a +2 cloak
   (You found it on level 8 of the Dungeon)
Magical Staves
 k - a staff of death {!a}
   (You found it on level 2 of the Dungeon)
Jewellery
 v - a ring of see invisible (right front paw)
   (You found it on level 7 of the Dungeon)
 D - a +6 ring of dexterity (left front paw)
   (You found it on level 8 of the Dungeon)
 N - a ring of positive energy
   (You found it on level 1 of the Dungeon)
 S - a +6 ring of strength
   (You found it on level 9 of the Dungeon)
 Z - a ring of wizardry
   (You found it on level 2 of the Dungeon)
Wands
 m - a wand of light (14)
   (You found it on level 3 of the Dungeon)
 u - a wand of roots (9)
   (You took it off Blork the orc on level 5 of the Dungeon)
 B - a wand of mindburst (12)
   (You took it off Ijyb on level 5 of the Dungeon)
Scrolls
 n - 2 scrolls of enchant weapon
 s - a scroll of fog
 w - 3 scrolls of poison {!r}
 y - a scroll of blinking {!r}
 A - a scroll of teleportation {@r4}
 C - 2 scrolls of enchant armour
 E - 3 scrolls of vulnerability {!r!r}
 G - a scroll of fear
 H - a scroll of butterflies
Potions
 b - 6 potions of lignification {!q}
 d - 2 potions of magic {unknown}
 f - 2 potions of brilliance
 g - 4 potions of curing {@q1}
 i - 3 potions of cancellation
 j - 2 potions of heal wounds {unknown}
 l - 4 potions of might
 o - 6 potions of mutation {unknown}
 q - 3 potions of haste {unknown}
 r - a potion of ambrosia {unknown}
 x - a potion of attraction {!q}
 z - a potion of degeneration {!q}
 K - a potion of flight

Dungeon Overview and Level Annotations

Branches:
Dungeon (10/15) Zot: 26620  Temple (1/1) D:6 Zot: 5759    Lair (0/5) D:10
    Orc: D:9-12

Altars:
Ashenzari
Cheibriados
Dithmenos
Fedhas
Gozag
Hepliaklqana
Kikubaaqudgha
Makhleb
Nemelex Xobeh
Okawaru
Qazlal
Ru
Sif Muna
Trog
Uskayaw
Vehumet
Wu Jian
Xom
Yredelemnul

Shops:
D:3 ( D:7

= . #.....# #. #.....# ##..
.# #.....# ....# .# #.....#
...#####.# #.....# ..
#..#≈≈#.# # ###.#.#
..<#..~~≈~.#.# #.#.#
...#>.z~≈~.#.# #.#.#
.......zY.≈.~.# #.#.#
#.#.~~~z......# #.#.# #
#.#.~~≈≈~.~.~.# #.#.# #.
#.~.~~~~~.~.~.## #.#.# #.
#.~.......~.~..######.#.#
#.#...~.......≈.......#.#..
#.....~.~≈~~~~~~.#.##.#.###
#.).#...≈.......>##.#.###
#.†.##).~.~~######.......


You could see 3 wights.


Message History

You start resting.
You warm up again.
Your +1 robe unmelds from your body.
You now have 69 max hp (-13).
Casting: Ice Form (dangerous; 8% risk of failure)
Confirm with . or Enter, or press ? or * to list all spells.
You turn into a creature of crystalline ice.
Your +1 robe melds into your body. 😎 HP[+13] MP[-4]
You now have 82 max hp (+13).
Your hp is fully restored (82).
You lost 4 mp, and now have 14/18 mp.
You enter the shallow water.
Things that are here:
a +0 giant club; an ogre corpse You enter the deep water.
Found a staircase to the Lair.
Found a stone staircase leading up.
A wight comes into view. It is wielding a +0 halberd.
The wight throws a stone.
The stone hits you. 😕 HP[-2] MP[+1]
You take 2 damage, and now have 80/82 hp.
The electric eel shoots out a bolt of lightning at you!
The bolt of electricity misses you. 😕 HP[+1]
A wight comes into view. It is wielding a +3 morningstar.
The electric eel begins to attack, but is stunned by your conviction!
The wight throws a stone.
The stone closely misses you.
The electric eel shoots out a bolt of lightning at you!
The bolt of electricity hits you! 😕 HP[-9]
You take 9 damage, and now have 72/82 hp.
You hit the electric eel. You freeze the electric eel. 😕 HP[+1]
You punch the electric eel!
The electric eel seems to slow down.
You freeze the electric eel.
You kill the electric eel!
A wight comes into view.
It is wielding a +5 falchion of freezing. 😕 MP[+1]
You enter the shallow water.
The wight closely misses you.
The wight throws a stone.
The stone closely misses you. 😕 HP[+1]
The wight completely misses you. The wight closely misses you.
You hit the wight but do no damage.
The wight hits you with a +3 morningstar!
You feel drained.
The wight completely misses you. 😕 HP[-13]
You now have 80 max hp (-2).
You take 13 damage, and now have 61/80 hp.
You barely miss the wight.
The wight hits you with a +3 morningstar.
You feel drained. 😮 HP[-5]
You now have 78 max hp (-2).
You take 5 damage, and now have 56/78 hp.
You barely miss the wight. The wight hits you with a +0 halberd!
You feel threatened and lose the ability to read scrolls!
The wight hits you with a +3 morningstar.
You feel drained. 😮 HP[-10] MP[+1]
You now have 76 max hp (-2).
You take 10 damage, and now have 46/76 hp.
You barely miss the wight. The wight barely misses you.
The wight hits you but does no damage.
Unknown command.
You punch the wight! The wight barely misses you.
The wight hits you with a +3 morningstar.
The wight closely misses you. 😮 HP[-5]
You take 5 damage, and now have 41/76 hp.
Unknown command.
You hit the wight but do no damage. The wight hits you with a +0 halberd!
* * * LOW HITPOINT WARNING * * *
You feel drained.
* * * LOW HITPOINT WARNING * * *
You redirect the wight's attack!
The wight splashes around in the water.
The wight hits you with a +3 morningstar!
* * * LOW HITPOINT WARNING * * *
You feel drained.
* * * LOW HITPOINT WARNING * * *
You barely miss the wight. The wight closely misses you.
The wight barely misses you.
The wight hits you with a +3 morningstar!
* * * LOW HITPOINT WARNING * * *
😱 HP[-40]
You now have 72 max hp (-4).
You take 40 damage, and now have 1/72 hp.
MASSIVE DAMAGE!! (PAUSE) Unknown command.
Unknown command.
You cannot read scrolls in your current state!
Unknown command.
You cannot read scrolls in your current state!
Unknown command.
Okay, then.
Okay, then.
It was a potion of attraction.
You feel attractive to monsters. The wight hits you with a +0 halberd.
You die...

Skill      XL: |  1  2  3  4  5  6  7  8  9 |
---------------+----------------------------+-----
Transmutations | 2 3 4 5 6 7 |  7.9
Unarmed Combat | 3 4 5 6 |  6.6
Poison Magic   | 1 |  1.5
Spellcasting   | 3 4 5 |  5.6
Ice Magic      | 1 3 4 6 |  6.2
Dodging        | 3 |  3.2
Fighting       | 2 |  2.9

Action                   |  1- 3 |  4- 6 |  7- 9 | 10-12 || total
-------------------------+-------+-------+-------+-------++-------
Melee: Unarmed           |   107 |   147 |   371 |    33 ||   658
       Kick              |    26 |     9 |       |       ||    35
       Headbutt          |     9 |     6 |       |       ||    15
       Punch             |     2 |     1 |       |       ||     3
 Cast: Beastly Appendage |    31 |    12 |       |       ||    43
       Spider Form       |       |    21 |     5 |       ||    26
       Wereblood         |       |     2 |    11 |     1 ||    14
       Ice Form          |       |       |    37 |     2 ||    39
Invok: Sacrifice Words   |       |       |     1 |       ||     1
  Use: Scroll            |     4 |     4 |     9 |       ||    17
       Potion            |       |       |       |     1 ||     1
 Stab: Sleeping          |     1 |     1 |       |       ||     2
Armor: Robe              |    18 |     9 |     2 |       ||    29
       Skin              |       |     5 |   106 |     4 ||   115
Dodge: Dodged            |    69 |   122 |   340 |    32 ||   563

Levels and vault maps discovered:
D:1:      lemuel_arrival_river_bridge, layout_basic, chequers_decorated_corner
D:2:      minmay_chambers_of_twos, layout_basic, basic_altar
D:3:      layout_basic, serial_shops, shop
D:4:      layout_cave_pools
D:5:      layout_basic, nicolae_gozag_seed_capital, slow_altar_2,
          chequers_temple_overflow_minitemple, hangedman_decor_lopped,
          uniq_prince_ribbit1, uniq_ijyb, uniq_blork_the_orc
D:6:      layout_basic, minmay_temple_entry_gardened_gates
D:7:      layout_basic, serial_shops, nicolae_take_the_stairs
D:8:      layout_basic, mainiacjoe_overflow_alcove_4, lemuel_doored_altar
D:9:      layout_loops_cross
D:10:     minmay_the_grid_square_5x5_3x3 [minmay_the_grid_square_5x5_eight,
          minmay_the_grid_square_5x5_empty,
          minmay_the_grid_square_5x5_fancy_junction,
          minmay_the_grid_square_5x5_percent,
          minmay_the_grid_square_5x5_megaprize_open,
          minmay_the_grid_square_5x5_hourglass,
          minmay_the_grid_square_5x5_six_small,
          minmay_the_grid_square_5x5_longway,
          minmay_the_grid_square_5x5_checkered], layout_basic, uniq_urug,
          uniq_lodul
Temple:   eino_temple_water

Notes
Turn   | Place    | Note
-------+----------+-------------------------------------------
     0 | D:1      | kae the Demonspawn Transmuter began the quest for the Orb.
     0 | D:1      | Reached XP level 1. HP: 15/15 MP: 3/3
     0 | D:1      | magus.rc [v1.11.3]
   100 | D:1      | Reached skill level 2 in Transmutations
   160 | D:1      | Gained mutation: You are surrounded by a mild repulsion
                  | field. (EV +2) [demonic ancestry]
   160 | D:1      | Reached XP level 2. HP: 21/21 MP: 3/5
   190 | D:1      | Learned a level 2 spell: Wereblood
   539 | D:1      | Reached skill level 3 in Unarmed Combat
   675 | D:1      | Reached XP level 3. HP: 26/26 MP: 4/6
   679 | D:1      | Learned a level 3 spell: Spider Form
  1550 | D:2      | You pick up a book of Power and begin reading...
  1550 | D:2      | You add the spells Iskenderun's Battlesphere, Iron Shot and
                  | Spellforged Servitor to your library.
  1626 | D:2      | Found an ornate altar of the Wu Jian Council.
  1722 | D:2      | Reached skill level 1 in Poison Magic
  1735 | D:2      | Reached skill level 3 in Transmutations
  1735 | D:2      | Reached XP level 4. HP: 18/32 MP: 5/7
  2587 | D:3      | Gained mutation: You are surrounded by a moderate repulsion
                  | field. (EV +3) [demonic ancestry]
  2587 | D:3      | Reached XP level 5. HP: 31/37 MP: 4/9
  2675 | D:3      | You add the spells Sting, Poisonous Vapours and Olgreb's
                  | Toxic Radiance to your library.
  2833 | D:3      | Found Cile's Weapon Shop.
  2916 | D:3      | Reached skill level 3 in Spellcasting
  3444 | D:4      | Reached skill level 4 in Transmutations
  3444 | D:4      | Reached XP level 6. HP: 32/43 MP: 5/10
  3557 | D:4      | Learned a level 4 spell: Ice Form
  3629 | D:4      | Reached skill level 4 in Unarmed Combat
  3820 | D:4      | HP: 10/43 [orc wizard/magic dart (7)]
  3998 | D:4      | Reached skill level 1 in Ice Magic
  3998 | D:4      | Reached XP level 7. HP: 48/48 MP: 9/12
  4316 | D:4      | Reached skill level 5 in Transmutations
  4388 | D:5      | Entered Level 5 of the Dungeon
  4396 | D:5      | Noticed Blork the orc
  4451 | D:5      | Killed Blork the orc
  4452 | D:5      | Reached skill level 2 in Ice Magic
  4568 | D:5      | Reached skill level 4 in Spellcasting
  4603 | D:5      | Found an opulent altar of Gozag.
  4613 | D:5      | HP: 14/57 [black bear (1)]
  4825 | D:5      | Noticed Prince Ribbit
  4858 | D:5      | HP: 7/57 [Prince Ribbit (13)]
  4860 | D:5      | Killed Prince Ribbit
  4861 | D:5      | Reached skill level 3 in Ice Magic
  4861 | D:5      | Reached XP level 8. HP: 10/54 MP: 11/14
  5031 | D:5      | You pick up a book of Minor Magic and begin reading...
  5031 | D:5      | You add the spells Magic Dart, Call Imp and Mephitic Cloud
                  | to your library.
  5048 | D:5      | You pick up a book of Debilitation and begin reading...
  5048 | D:5      | You add the spells Slow, Vampiric Draining and Confusing
                  | Touch to your library.
  5115 | D:5      | Found a snail-covered altar of Cheibriados.
  5174 | D:5      | Reached skill level 6 in Transmutations
  5383 | D:5      | Noticed Ijyb
  5390 | D:5      | Killed Ijyb
  5453 | D:5      | Found a faded altar of an unknown god.
  5453 | D:5      | Found a stormy altar of Qazlal.
  5462 | D:5      | Found a hazy altar of Hepliaklqana.
  5464 | D:5      | Found a burning altar of Makhleb.
  5466 | D:5      | Found a shimmering blue altar of Sif Muna.
  5737 | D:6      | Reached skill level 5 in Unarmed Combat
  5737 | D:6      | Reached skill level 4 in Ice Magic
  5880 | D:6      | Found a staircase to the Ecumenical Temple.
  5897 | Temple   | Entered the Ecumenical Temple
  6118 | Temple   | Became a worshipper of Ru the Awakened
  7422 | D:7      | Found Looj's Jewellery Boutique.
  7471 | D:7      | Reached skill level 5 in Spellcasting
  7471 | D:7      | Reached XP level 9. HP: 59/59 MP: 14/16
  7621 | D:7      | Gained mutation: You occasionally lose the ability to read
                  | scrolls when taking damage. [Ru sacrifice]
  7621 | D:7      | Gained mutation: You sometimes lose the ability to read
                  | scrolls when taking damage. [Ru sacrifice]
  7621 | D:7      | Reached * piety under Ru
  7648 | D:7      | Reached skill level 2 in Dodging
  7648 | D:7      | Reached skill level 5 in Ice Magic
  7718 | D:7      | Reached skill level 7 in Transmutations
  8423 | D:8      | Reached skill level 2 in Fighting
  8483 | D:8      | Reached skill level 6 in Unarmed Combat
  8685 | D:8      | Found a shimmering altar of Xom.
  9491 | D:9      | Reached skill level 3 in Dodging
  9872 | D:10     | Entered Level 10 of the Dungeon
  9964 | D:10     | Paralysed by a hornet for 3 turns
  9975 | D:10     | Reached skill level 6 in Ice Magic
 10116 | D:10     | Gained mutation: You are partially covered in sharp spines.
                  | [demonic ancestry]
 10116 | D:10     | Reached XP level 10. HP: 67/68 MP: 14/18
 10237 | D:10     | Found a staircase to the Lair.
 10254 | D:10     | HP: 14/74 [wight/+3 morningstar (11)]
 10255 | D:10     | HP: 1/72 [wight/+3 morningstar (12)]
 10256 | D:10     | Slain by a wight

Vanquished Creatures
  Prince Ribbit (D:5)
  A hornet (D:10)
  A wyvern (D:9)
  A steam dragon (D:7)
  2 water moccasins
  An orc warrior (D:8)
  2 ogres (D:10)
  A sky beast (D:6)
  3 black bears
  A centaur (D:9)
  2 kobold brigands
  A phantom (D:7)
  Blork the orc (D:5)
  2 gnoll sergeants
  A bullfrog (D:7)
  2 necrophages
  3 scorpions
  4 wights (D:8)
  11 killer bees
  An electric eel (D:10)
  4 howler monkeys (D:8)
  3 orc priests
  A gnoll bouda (D:7)
  2 hounds (D:5)
  4 jellies
  An iron imp (D:5)
  13 orc wizards
  Ijyb (D:5)
  6 iguanas
  13 gnolls
  10 adders
  2 shadow imps
  A white imp (D:6)
  An ufetubus (D:5)
  3 worms
  3 dart slugs
  32 orcs
  5 bats
  6 endoplasms
  9 giant cockroaches
  7 goblins
  6 hobgoblins
  4 jackals (D:5)
  8 quokkas
  9 ball pythons
  5 kobolds
  6 rats
207 creatures vanquished.

Table legend:
 A = Non-vault XP
 B = Vault XP
 C = Vault XP percentage of total XP
 D = Non-vault monster count
 E = Vault monster count
 F = Vault count percentage of total count
                 A         B        C        D         E       F
            +---------+---------+-------+---------+---------+-------
      Total |    5193 |     946 |  15.4 |     190 |      17 |   8.2
            +---------+---------+-------+---------+---------+-------
        D:1 |      44 |       0 |   0.0 |      25 |       0 |   0.0
        D:2 |      62 |      61 |  49.6 |      20 |       8 |  28.6
        D:3 |     142 |       0 |   0.0 |      17 |       0 |   0.0
        D:4 |     594 |       0 |   0.0 |      28 |       0 |   0.0
        D:5 |     668 |     447 |  40.1 |      22 |       4 |  15.4
        D:6 |     435 |       0 |   0.0 |      10 |       0 |   0.0
        D:7 |     985 |       0 |   0.0 |      27 |       0 |   0.0
        D:8 |    1463 |       0 |   0.0 |      30 |       0 |   0.0
        D:9 |     232 |       0 |   0.0 |       5 |       0 |   0.0
       D:10 |     568 |     438 |  43.5 |       6 |       5 |  45.5
            +---------+---------+-------+---------+---------+-------

Illustrated notes

Table legend:
 A = Kills in this place as a percentage of kills in entire the game.
 B = Kills by you in this place as a percentage of kills by you in the entire game.
 C = Kills by friends in this place as a percentage of kills by friends in the entire game.
 D = Other kills in this place as a percentage of other kills in the entire game.
 E = Experience gained in this place as a percentage of experience gained in the entire game.
 F = Experience gained in this place divided by the number of levels of this place that you have seen.
                   A       B       C       D       E      F
               +-------+-------+-------+-------+-------+----------------------
         Total | 100.0 | 100.0 |   N/A |   N/A | 100.0 | 558.1
       Dungeon | 100.0 | 100.0 |   N/A |   N/A | 100.0 | 613.9
               +-------+-------+-------+-------+-------+----------------------

Table legend: (Time is in decaauts)
 A = Elapsed time spent in this place.
 B = Non-inter-level travel time spent in this place.
 C = Inter-level travel time spent in this place.
 D = Time resting spent in this place.
 E = Time spent auto-exploring this place.
 F = Levels seen in this place.
 G = Mean time per level.
                   A        B        C        D        E       F      G
               +--------+--------+--------+--------+--------+-----+--------+
         Total |  10202 |   9925 |    277 |    538 |   7758 |  11 |  927.5 |
       Dungeon |   9962 |   9733 |    229 |    538 |   7578 |  10 |  996.2 |
        Temple |    240 |    192 |     48 |      0 |    180 |   1 |  240.0 |
               +--------+--------+--------+--------+--------+-----+--------+

Top non-repeatable levels by time:
     D:2: 1381 daAuts
     D:5: 1327 daAuts
     D:3: 1165 daAuts
     D:8: 1115 daAuts
     D:7: 1034 daAuts
     D:4: 1006 daAuts
     D:6: 982 daAuts
     D:1: 920 daAuts
     D:9: 649 daAuts
    D:10: 378 daAuts
  Temple: 240 daAuts
